 Dungeon Crawl Stone Soup version 0.29-a0-334-gb41bcbb86e (webtiles) character file.

Game seed: 16701522035905241062

5092 ders the Thaumaturge (level 10, -4/60 HPs)
             Began as a Djinni Conjurer on Apr 14, 2022.
             Was an Initiate of Ashenzari.
             Killed from afar by Erica (28 damage)
             ... with a lance of force
             ... on level 8 of the Dungeon.
             The game lasted 00:10:37 (9374 turns).

ders the Thaumaturge (Djinni Conjurer)              Turns: 9374, Time: 00:10:38

Health: -4/60      AC: 13    Str: 14    XL:     10   Next: 87%
Gold:   363        EV:  6    Int: 28    God:    Ashenzari [......] SH:  0 Dex: 12

rFire   + + .      SeeInvis +   t - +9 spear "Ufuere" {speed, Int+4 Stlth+}
rCold   + . .      Faith    .   (no shield)
rNeg    . . .      Spirit   .   M - +1 chain mail of the Poles {rC+ Str+2}
rPois   ∞          Reflect  .   x - +1 hat {SInv}
rElec   .          Harm     .   G - scarf {repulsion}
rCorr   .          Rampage  .   z - +2 pair of gloves
Will    +....                   (boots unavailable)
Stlth   ..........              (no amulet)
HPRegen 0.20/turn               j - +6 ring of strength
MPRegen 0.00/turn               o - ring of protection from cold

@: flying, very slightly contaminated, slowed, repel missiles, very slow
A: sickness immunity, fire resistance 2, cold vulnerability 1, float, innate
caster, HP casting, extra vitality 1
a: Renounce Religion, Curse Item


You were on level 8 of the Dungeon.
You worshipped Ashenzari.
Ashenzari was noncommittal.
You visited 2 branches of the dungeon, and saw 9 of its levels.

You collected 417 gold pieces.
You spent 54 gold pieces at shops.

Inventory:

Hand Weapons
 t - the +9 spear "Ufuere" (weapon) {speed, Int+4 Stlth+}
   (You found it on level 4 of the Dungeon)

   Attacks with this weapon are significantly faster.
   Int:       It affects your intelligence (+4).
   Stlth:     It makes you more stealthy.
Armour
 a - a +0 robe
 r - a +0 cloak
 x - a +1 hat of see invisible (worn)
 z - a +2 pair of gloves (worn)
 C - a +0 kite shield
 G - a scarf of repulsion (worn)
 J - a +0 tower shield
 M - the +1 chain mail of the Poles (worn) {rC+ Str+2}
   (You found it on level 8 of the Dungeon)

   Str:       It affects your strength (+2).
   rC:        It protects you from cold.
Magical Staves
 H - a staff of fire
Jewellery
 j - a +6 ring of strength (left hand)
 o - a ring of protection from cold (right hand)
 q - a ring of protection from fire
 I - a ring of ice
Wands
 w - a wand of digging (3)
 A - a wand of charming (14)
 K - a wand of paralysis (8)
Scrolls
 f - a scroll of vulnerability {unknown}
 i - a scroll of enchant weapon {unknown}
 m - 2 scrolls of amnesia {unknown}
 n - a scroll of teleportation {unknown}
 p - 9 scrolls of identify {unknown}
 u - 2 scrolls of noise {unknown}
 y - 3 scrolls of enchant armour {unknown}
 B - a scroll of blinking {unknown}
 D - a scroll of fear {unknown}
 F - a scroll of torment {unknown}
 L - a scroll of silence {unknown}
Potions
 b - 4 potions of mutation {unknown}
 c - 4 potions of curing
 d - 2 potions of ambrosia {unknown}
 e - a potion of haste {unknown}
 g - a potion of brilliance {unknown}
 h - a potion of magic {unknown}
 k - 2 potions of lignification {unknown}
 l - 4 potions of heal wounds {unknown}
 s - 3 potions of attraction {unknown}
 v - a potion of invisibility {unknown}
 E - 3 potions of might {unknown}


   Skills:
 - Level 2.1 Dodging
 - Level 1.5 Stealth
 + Level 12.2 Spellcasting


You had 10 spell levels left.
You knew the following spells:

 Your Spells              Type           Power      Damage    Failure   Level
a - Magic Dart            Conj           100%       1d8       1%          1
b - Searing Ray           Conj           100%       2d8       1%          2
c - Dazzling Flash        Conj/Hex       100%       N/A       1%          3
d - Fulminant Prism       Conj/Hex       36%        3d18      6%          4
e - Iskenderun's Mystic   Conj/Tloc      72%        2d15      6%          4
f - Beastly Appendage     Tmut           100%       N/A       1%          1
g - Passwall              Tmut/Erth      60%        N/A       1%          2
h - Call Imp              Summ           72%        N/A       1%          2
i - Animate Dead          Necr           36%        N/A       6%          4
Your spell library was empty.

Dungeon Overview and Level Annotations

Branches:
Dungeon (8/15)             Temple (1/1) D:7
   Lair: D:8-11

Altars:
Ashenzari
Cheibriados
Dithmenos
Elyvilon
Fedhas
Gozag
Hepliaklqana
Kikubaaqudgha
Makhleb
Nemelex Xobeh
Ru
Sif Muna
Trog
Vehumet
Xom
Yredelemnul
Zin
The Shining One

Shops:
D:7 *

Annotations:
D:8 4 runed translucent doors, Erica


Innate Abilities, Weirdness & Mutations

You are immune to sickness and miasma.
You are immune to poison.
Your flesh is very heat resistant. (rF++)
You are vulnerable to cold. (rC-)
You float through the air rather than walking.
You learn spells naturally, not from books.
Your magical power is your life essence.
You have superior vitality. (+4 MHP)


Message History

You conjure a prism of explosive energy!
A fulminant prism comes into view.
Erica screams, "You'll never get it!"; Erica screams, "Die!"
Erica hits your fulminant prism with a +4 scimitar of flaming!!
Erica burns your fulminant prism.
Your fulminant prism detonates feebly.
Erica zaps a wand.
Some rock shatters into small pieces.
Casting: Fulminant Prism (dangerous; 6% risk of failure)
Confirm with . or Enter, or press ? or * to list all spells.
Aiming: Fulminant Prism (dangerous; 6% risk of failure)
Press: ? - help, Dir - move target You miscast Fulminant Prism.
You are very lightly contaminated with residual magic.
Nothing appears to happen.
Casting: Fulminant Prism (dangerous; 6% risk of failure)
Confirm with . or Enter, or press ? or * to list all spells.
Aiming: Fulminant Prism (dangerous; 6% risk of failure)
Press: ? - help, Dir - move target You conjure a prism of explosive energy!
A fulminant prism comes into view.
Erica hits your fulminant prism with a +4 scimitar of flaming!
Erica burns your fulminant prism.
Erica hits your fulminant prism with a +4 scimitar of flaming!
Erica burns your fulminant prism.
Your fulminant prism detonates feebly.
Casting: Fulminant Prism (dangerous; 6% risk of failure)
Confirm with . or Enter, or press ? or * to list all spells.
You erupt in a blast of force!
The mystic blast hits Erica!
Erica is heavily wounded.
Erica is knocked back by the mystic blast.
Casting: Iskenderun's Mystic Blast (dangerous; 6% risk of failure)
Confirm with . or Enter, or press ? or * to list all spells.
You erupt in a blast of force!
The mystic blast hits Erica!
Erica is severely wounded.
Erica is knocked back by the mystic blast.
Erica slams into the rock wall!
Erica is severely wounded.
Erica casts a spell at you. The lance of force hits you!!
You die...

#..##)#.######...##.#..# #
#. #...###)# #'###..#..#
#.#.
#.......######.........#
#.#.##
##.....##8/.8##..####..#
#.....
####..#8....8#..####..#
###.#. #..+......+).......#
..#.#.
#..+.....Q+.#####.#####.#.#.
##.#8....8#.# #.....#.#.#.
#.##8[.8##@# #..##.#.#.#.
#..######...# #..##.....#.
##........@## #..##.....##
##.#####.#.# #..##.......
#........# #.>###.#.##.
#######.## #..# #.#.##.
#####.#######..###.#....
#..................####.
#.#.########.....#......


You could see Erica.

Vanquished Creatures
  2 two-headed ogres (D:8)
  Pikel (D:7)
  An ugly thing (D:8)
  A hornet (D:6)
  Prince Ribbit (D:5)
  A wraith (D:7)
  A steam dragon (D:8)
  2 water moccasins
  2 sky beasts (D:6)
  An ice beast (D:6)
  2 orc warriors
  3 ogres
  2 black bears (D:5)
  3 lemures (D:7)
  Blork the orc (D:5)
  A kobold brigand (D:8)
  2 bullfrogs
  A gnoll sergeant (D:7)
  3 scorpions
  3 wights (D:5)
  3 howler monkeys (D:8)
  A jelly (D:5)
  7 hounds
  A gnoll shaman (D:6)
  2 orc wizards (D:7)
  2 iguanas (D:5)
  8 gnolls
  7 adders
  A white imp (D:3)
  An ufetubus (D:5)
  A worm (D:5)
  4 dart slugs
  11 orcs
  4 endoplasms
  A giant cockroach (D:2)
  11 goblins
  6 hobgoblins
  5 jackals (D:2)
  5 quokkas
  8 ball pythons
  7 bats
  2 frilled lizards
  10 kobolds
  5 rats
147 creatures vanquished.

Vanquished Creatures (others)
  58 fulminant prisms
58 creatures vanquished.

Grand Total: 205 creatures vanquished

Notes
Turn   | Place    | Note
-------+----------+-------------------------------------------
     0 | D:1      | ders the Djinni Conjurer began the quest for the Orb.
     0 | D:1      | Reached XP level 1. HP: 15/15 MP: 0/0
   202 | D:1      | Reached XP level 2. HP: 18/21 MP: 0/0
   825 | D:1      | Reached XP level 3. HP: 23/25 MP: 0/0
   825 | D:1      | Learned a level 1 spell: Beastly Appendage
  1019 | D:2      | Reached skill level 4 in Spellcasting
  1784 | D:2      | Found a faded altar of an unknown god.
  1841 | D:2      | Reached XP level 4. HP: 27/31 MP: 0/0
  3258 | D:4      | Reached XP level 5. HP: 30/35 MP: 0/0
  3258 | D:4      | Learned a level 2 spell: Passwall
  3265 | D:4      | Identified the +9 spear "Ufuere" {speed, Int+4 Stlth+}
  3397 | D:4      | Noticed a bullfrog
  3400 | D:4      | Killed a bullfrog
  3401 | D:4      | Reached skill level 5 in Spellcasting
  3575 | D:4      | Reached XP level 6. HP: 32/40 MP: 0/0
  4011 | D:5      | Entered Level 5 of the Dungeon
  4089 | D:5      | Noticed Prince Ribbit
  4090 | D:5      | Noticed a water moccasin
  4095 | D:5      | Noticed a black bear
  4103 | D:5      | Killed Prince Ribbit
  4104 | D:5      | Reached skill level 6 in Spellcasting
  4104 | D:5      | Reached XP level 7. HP: 10/45 MP: 0/0
  4104 | D:5      | Learned a level 2 spell: Call Imp
  4135 | D:5      | Killed a water moccasin
  4985 | D:5      | Reached skill level 7 in Spellcasting
  4985 | D:5      | Reached XP level 8. HP: 46/50 MP: 0/0
  4993 | D:5      | Noticed Blork the orc
  5015 | D:5      | Killed Blork the orc
  5347 | D:5      | Found an opulent altar of Gozag.
  5423 | D:5      | HP: 2/50 [wight/+2 flail (10)]
  5427 | D:5      | Reached skill level 8 in Spellcasting
  6252 | D:6      | Reached XP level 9. HP: 48/55 MP: 0/0
  6252 | D:6      | Learned a level 4 spell: Animate Dead
  6319 | D:6      | Noticed a hornet
  6330 | D:6      | Killed a hornet
  6331 | D:6      | Reached skill level 9 in Spellcasting
  7287 | D:7      | Reached skill level 10 in Spellcasting
  7679 | D:7      | Noticed Pikel
  7688 | D:7      | Killed Pikel
  7689 | D:7      | Reached XP level 10. HP: 44/60 MP: 0/0
  7895 | D:7      | Found a staircase to the Ecumenical Temple.
  7914 | Temple   | Entered the Ecumenical Temple
  8174 | Temple   | Became a worshipper of Ashenzari the Shackled
  8452 | D:7      | Found Ynoppo's Mass Market.
  8457 | D:7      | Bought a +0 tower shield for 54 gold pieces
  8614 | D:8      | Reached skill level 11 in Spellcasting
  8767 | D:8      | Noticed a red ugly thing
  8781 | D:8      | Killed a red ugly thing
  8887 | D:8      | Found a large runed translucent door.
  8917 | D:8      | Found a large runed translucent door.
  8917 | D:8      | Found a large runed translucent door.
  8918 | D:8      | Noticed a cyclops
  8955 | D:8      | Noticed a two-headed ogre
  8958 | D:8      | Killed a two-headed ogre
  8988 | D:8      | Noticed a two-headed ogre
  8991 | D:8      | Killed a two-headed ogre
  8992 | D:8      | Reached skill level 12 in Spellcasting
  9165 | D:8      | Found a large runed translucent door.
  9256 | D:8      | Identified the +1 chain mail of the Poles {rC+ Str+2}
  9351 | D:8      | Noticed Erica
  9374 | D:8      | Killed from afar by Erica

Illustrated notes

Levels and vault maps discovered:
D:1:      lemuel_arrival_lava_pool, layout_rooms, ebering_dispersal_statue_hall,
          minivault_23, kennysheep_boxes
D:2:      layout_loops_ring, chequers_ecumenical_altar_twisty
D:3:      layout_basic
D:4:      layout_loops_ring, minivault_25, chequers_serial_rivers_small_3
D:5:      layout_basic, mainiacjoe_overflow_surrounded_room, minivault_14,
          uniq_blork_the_orc, uniq_prince_ribbit1
D:6:      minmay_recursive_quarters, layout_rooms
D:7:      layout_cave_pools, minmay_temple_entry_trees, minmay_shop_mass,
          uniq_pikel
D:8:      layout_basic, minmay_hollow_rounded_squares, uniq_maurice, uniq_grum,
          uniq_erica
Temple:   mainiacjoe_temple_trianglar_array

Skill      XL: |  1  2  3  4  5  6  7  8  9 10 |
---------------+-------------------------------+-----
Spellcasting   | 4 5 6 7 8 10 12 | 12.2
Dodging        | |  2.1
Stealth        | |  1.5

Action                   |  1- 3 |  4- 6 |  7- 9 | 10-12 || total
-------------------------+-------+-------+-------+-------++-------
Melee: Spear             |       |    19 |     7 |       ||    26
 Cast: Magic Dart        |    78 |    66 |    28 |       ||   172
       Searing Ray       |     4 |       |       |       ||     4
       Iskenderun's Myst |       |     3 |    27 |    15 ||    45
       Fulminant Prism   |       |       |    41 |    17 ||    58
  Use: Potion            |       |       |     1 |       ||     1
 Stab: Sleeping          |       |     3 |       |       ||     3
Armor: Robe              |     6 |     7 |     4 |       ||    17
Dodge: Dodged            |    14 |     5 |     8 |     1 ||    28

Table legend: (Time is in decaauts)
 A = Elapsed time spent in this place.
 B = Non-inter-level travel time spent in this place.
 C = Inter-level travel time spent in this place.
 D = Time resting spent in this place.
 E = Time spent auto-exploring this place.
 F = Levels seen in this place.
 G = Mean time per level.
                   A        B        C        D        E       F      G
               +--------+--------+--------+--------+--------+-----+--------+
         Total |   9375 |   9032 |    343 |   1857 |   6227 |   9 | 1041.7 |
       Dungeon |   9090 |   8779 |    311 |   1857 |   5978 |   8 | 1136.2 |
        Temple |    285 |    253 |     32 |      0 |    249 |   1 |  285.0 |
               +--------+--------+--------+--------+--------+-----+--------+

Top non-repeatable levels by time:
     D:5: 1769 daAuts
     D:6: 1424 daAuts
     D:2: 1176 daAuts
     D:3: 1103 daAuts
     D:4: 1035 daAuts
     D:1: 949 daAuts
     D:7: 816 daAuts
     D:8: 814 daAuts
  Temple: 285 daAuts
